 Dungeon Crawl Stone Soup version 0.23.0 (webtiles) character file.

Game seed: 8740408791887693819

25 LostNumber the Charmwright (level 3, 0/28 HPs)
             Began as a Formicid Skald on Feb 16, 2019.
             Succumbed to a kobold's poison
             ... on level 1 of the Dungeon.
             The game lasted 00:02:14 (598 turns).

LostNumber the Charmwright (Formicid Skald)          Turns: 598, Time: 00:02:14

Health: 0/28       AC: 10    Str: 16    XL:     3   Next: 17%
Magic:  6/6        EV: 12    Int: 12    God:
Gold:   37         SH:  0    Dex: 15    Spells: 5/6 levels left

rFire    . . .     SeeInvis +   a - +0 mace
rCold    . . .     Gourm    .   (no shield)
rNeg     . . .     Faith    .   c - +2 chain mail {MR+}
rPois    .         Spirit   .   (helmet unavailable)
rElec    .         Reflect  .   (no cloak)
rCorr    .         Harm     .   (no gloves)
MR       ++...                  (no boots)
Stlth    ..........             (no amulet)
HPRegen  0.09/turn              (no ring)
MPRegen  0.10/turn              (no ring)

@: agile, lethally poisoned (0 -> -12)
A: permanent stasis, dig shafts and tunnels, four strong arms, antennae 3,
deterioration 1, magic resistance 1
a: Dig, Shaft Self


You were on level 1 of the Dungeon.
You were not hungry.

You visited 1 branch of the dungeon, and saw 1 of its levels.

You collected 37 gold pieces.

Inventory:

Hand Weapons
 a - a +0 mace (weapon)
Armour
 b - a +0 leather armour
 c - a +2 chain mail of magic resistance (worn)
   (You found it on level 1 of the Dungeon)
Jewellery
 k - a +4 ring of intelligence {unknown}
   (You found it on level 1 of the Dungeon)
Scrolls
 f - 4 scrolls of teleportation {unknown}
 g - a scroll of remove curse {unknown}
 j - a scroll of immolation {unknown}
Comestibles
 d - 3 chunks of flesh
 e - 3 rations {!d}


   Skills:
 + Level 2.8 Fighting
 * Level 3.0 Maces & Flails
 - Level 1.1 Armour
 - Level 1.7 Dodging
 - Level 2.1 Spellcasting
 - Level 3.0 Charms


You had 5 spell levels left.
You knew the following spells:

 Your Spells              Type           Power        Failure   Level  Hunger
a - Infusion              Chrm           #...         83%         1    ##.....

Your spell library contained the following spells:

 Spells                   Type           Power        Failure   Level  Hunger
 Song of Slaying          Chrm           #.......     93%         2    ###....
 Shroud of Golubria       Chrm/Tloc      #.........   99%         2    ###....
 Regeneration             Chrm/Necr      #.........   100%        3    ####...
 Spectral Weapon          Hex/Chrm       #.......     100%        3    ####...


Dungeon Overview and Level Annotations

Branches:
Dungeon (1/15)

Altars:


Innate Abilities, Weirdness & Mutations

You cannot be hasted, slowed, berserked, paralysed or teleported.
You can dig through walls and to a lower floor.
Your four strong arms can wield two-handed weapons with a shield.
You have a pair of large antennae on your head. (SInv)
Your body sometimes deteriorates upon taking damage.
You are resistant to hostile enchantments. (MR+)


Message History

You are poisoned.
You barely miss the kobold.
You feel sick. The kobold barely misses you.
You barely miss the kobold. The kobold hits you but does no damage.
You are more poisoned.
Your chain mail prevents you from hitting the kobold.
You feel sick. The kobold hits you but does no damage.
You are more poisoned.
You closely miss the kobold.
You feel sick. The kobold barely misses you.
You hit the kobold.
You feel sick. The kobold hits you but does no damage.
You are lethally poisoned!
The kobold hits you but does no damage.
Unknown command.
You barely miss the kobold.
You feel sick. The kobold hits you but does no damage.
You barely miss the kobold.
You feel sick. The kobold hits you but does no damage.
You are more poisoned.
You closely miss the kobold.
You feel sick.
The kobold hits you with a +2 dagger of venom.
You thump the kobold!
You kill the kobold!
* * * LOW HITPOINT WARNING * * *
You feel very sick.
It was a potion of mutation.
You feel extremely strange.
You feel yourself wasting away.
You feel resistant to hostile enchantments.
* * * LOW HITPOINT WARNING * * *
You feel sick. The rat barely misses you.
It was a potion of agility.
You feel agile all of a sudden.
* * * LOW HITPOINT WARNING * * *
You feel sick. The rat misses you.
It was a potion of haste.
Your stasis prevents you from being hasted.
* * * LOW HITPOINT WARNING * * *
You feel sick. The rat barely misses you.
* * * LOW HITPOINT WARNING * * *
You feel sick.
You see here a stone.
* * * LOW HITPOINT WARNING * * *
You feel sick.
You see here a stone.
* * * LOW HITPOINT WARNING * * *
You feel sick.
Unknown command.
* * * LOW HITPOINT WARNING * * *
You feel sick.
* * * LOW HITPOINT WARNING * * *
You feel sick.
You die...

####### #.....#
#.### #.....# #.#..
#.....# #.#.# .#
#.....# #.#.# .#
#.....# #.#.# .#
#...... #.#@# .#
###.....# #)#.###.#
##...#####
#.#r....###..###....
#(#....##...##......
#.()..(((>.(#....###
###....###.##...#...
#....# #.#...#....
#....# #.#...#....
#....# #.#...#....


You could see a rat.

Vanquished Creatures
  2 dart slugs (D:1)
  A leopard gecko (D:1)
  4 goblins (D:1)
  2 hobgoblins (D:1)
  3 kobolds (D:1)
  4 bats (D:1)
  A frilled lizard (D:1)
  3 rats (D:1)
20 creatures vanquished.

Notes
Turn   | Place    | Note
-------+----------+-------------------------------------------
     0 | D:1      | LostNumber the Formicid Skald began the quest for the Orb.
     0 | D:1      | Reached XP level 1. HP: 16/16 MP: 3/3
    42 | D:1      | Reached XP level 2. HP: 23/23 MP: 5/5
   425 | D:1      | Reached XP level 3. HP: 28/28 MP: 6/6
   590 | D:1      | Gained mutation: Your body sometimes deteriorates upon
                  | taking damage. [potion of mutation]
   590 | D:1      | Gained mutation: You are resistant to hostile enchantments.
                  | (MR+) [potion of mutation]
   597 | D:1      | HP: 1/28 [poisoned by a kobold]
   598 | D:1      | Succumbed to a kobold's poison

Skill      XL: |  1  2  3 |
---------------+----------+-----
Maces & Flails | 3 |  3.0
Fighting       | |  2.8
Armour         | |  1.1
Dodging        | |  1.7
Spellcasting   | |  2.1
Charms         | |  3.0

Action                   || total
-------------------------++-------
Melee: Mace              ||    71
  Use: Potion            ||     3
Armor: Chain mail        ||    53
       Leather armour    ||     1
Dodge: Dodged            ||    28
